 Dungeon Crawl Stone Soup version 0.27-a0-1149-g4505690ab0 (webtiles) character file.

Game seed: 32635723546521658

28 Sobieck the Shield-Bearer (level 3, -3/29 HPs)
             Began as a Formicid Fighter on May 13, 2021.
             Splashed by a jelly's acid (6 damage)
             ... on level 3 of the Dungeon.
             The game lasted 00:01:36 (581 turns).

Sobieck the Shield-Bearer (Formicid Fighter)         Turns: 581, Time: 00:01:37

Health: -3/29      AC:  2    Str: 21    XL:     3   Next: 27%
Magic:  3/3        EV:  8    Int:  7    God:
Gold:   22         SH:  9    Dex: 10    Spells: 2/2 levels left

rFire    . . .     SeeInvis +   a - +0 war axe {axe}
rCold    . . .     Faith    .   c - +0 kite shield
rNeg     . . .     Spirit   .   f - +0 scale mail
rPois    .         Reflect  .   (helmet unavailable)
rElec    .         Harm     .   (no cloak)
rCorr    .         Rampage  .   (no gloves)
Will     .....                  (no boots)
Stlth    ..........             (no amulet)
HPRegen  0.09/turn              (no ring)
MPRegen  0.08/turn              (no ring)

@: corroded
A: permanent stasis, dig shafts and tunnels, antennae 3, four strong arms
a: Dig, Shaft Self


You were on level 3 of the Dungeon.
You visited 1 branch of the dungeon, and saw 3 of its levels.

You collected 22 gold pieces.


Innate Abilities, Weirdness & Mutations

You cannot be hasted, slowed, berserked, paralysed or teleported.
You can dig through walls and to a lower floor.
You have a pair of large antennae on your head. (SInv)
Your four strong arms can wield two-handed weapons with a shield.


   Skills:
 - Level 3.2 Fighting
 + Level 3.5 Axes
 - Level 3.2 Armour
 - Level 3.6 Shields


You had 2 spell levels left.
You didn't know any spells.
Your spell library was empty.

Inventory:

Hand Weapons
 a - a +0 war axe (weapon) {axe}
 b - a +0 hunting sling {sling}
   (You took it off a goblin on level 2 of the Dungeon)
Missiles
 e - 24 stones {throwing}
Armour
 c - a +0 kite shield (worn)
 f - a +0 scale mail (worn)
Potions
 d - a potion of might

Dungeon Overview and Level Annotations

Branches:
Dungeon (3/15)

Altars:
The Shining One

Shops:
D:1

[ ## #..#.##.#
########).#.##.####
..........#<.......
########.#####.##.#
#....##...
#....#####.# ##...#
. ####.## #@#{{##
##J#{{#########
###{#{#.P{รท.P.
#.##{.PJPรท..
#.###{P.PJ.. #.#
{J.P... ... J....P.
#.# ..รท..P. #.#
#+#####


You could see a jelly.


Message History

You kill the bat!
No target in view!
You climb downwards.
There is a stone staircase leading up here.
You see here a rat skeleton.
A rat comes into view. ๐Ÿ˜Ž HP[+1]
Your hp is fully restored (29).
You barely miss the rat. You block the rat's attack.
The rat closely misses you.
You barely miss the rat. The rat barely misses you.
You hit the rat but do no damage. You block the rat's attack. x2
You slash the rat!
You kill the rat!
No target in view!
A goblin comes into view. It is wielding a +0 club.
You completely miss the goblin. The goblin closely misses you.
The goblin hits you but does no damage.
You closely miss the goblin. You block the goblin's attack.
You closely miss the goblin. You block the goblin's attack.
The goblin hits you but does no damage.
You closely miss the goblin. The goblin barely misses you.
You barely miss the goblin. The goblin hits you but does no damage.
You block the goblin's attack.
You miss the goblin. The goblin barely misses you.
You closely miss the goblin. The goblin hits you with a +0 club.
You block the goblin's attack. ๐Ÿ˜• HP[-3]
You take 3 damage, and now have 26/29 hp.
You closely miss the goblin. You block the goblin's attack.
You hit the goblin. You block the goblin's attack. x2
Unknown command.
You hit the goblin.
You kill the goblin!
No target in view!
You see here a +0 club {mace}.
A kobold comes into view. It is wielding a +0 short sword.
The kobold shouts!
The kobold throws a stone.
You block the stone. ๐Ÿ˜Ž HP[+3]
Your hp is fully restored (29).
The kobold throws a stone.
You block the stone. You block the kobold's attack.
You slash the kobold!
You kill the kobold!
No target in view!
No target in view!
No target in view!
You extend your mandibles.
You dig through the rock wall.
You dig through the rock wall.
You dig through the rock wall. 6 endoplasms and 2 jellies come into view.
The endoplasm quivers. x3; The jelly quivers.
The endoplasm quivers.
The jelly quivers.
The endoplasm freezes you.
You are frozen. ๐Ÿ˜• HP[-1]
You take 1 damage, and now have 28/29 hp.
Unknown command.
You retract your mandibles.
The endoplasm hits the fungus.
The fungus begins to die.
The endoplasm hits the fungus.
The endoplasm hits the fungus. x2
The endoplasm hits the fungus.
Something hits the fungus.
Things that are here:
a +0 short sword {short}; 4 stones {throwing}; a kobold corpse You extend your mandibles.
You dig through the rock wall.
You dig through the rock wall.
You dig through the rock wall.
Unknown command.
You retract your mandibles.
You hit the jelly.
Your hands burn!
You block the jelly's attack. ๐Ÿ˜• HP[-3]
You take 3 damage, and now have 25/29 hp.
You hit the jelly.
Your hands burn!
You block the jelly's attack.
The jelly hits you but does no damage. ๐Ÿ˜ฎ HP[-4]
You take 4 damage, and now have 21/29 hp.
You are too injured to fight recklessly!
You are too injured to fight recklessly!
You hit the jelly.
Your hands burn!
The jelly closely misses you. ๐Ÿ˜ฎ HP[-3]
You take 3 damage, and now have 18/29 hp.
You hit the jelly but do no damage. The acid corrodes you!
Your hands burn!
* * * LOW HITPOINT WARNING * * *
The jelly hits you but does no damage.
The jelly barely misses you. ๐Ÿ˜จ HP[-4]
You take 4 damage, and now have 14/29 hp.
You hit the jelly but do no damage.
Your hands burn!
* * * LOW HITPOINT WARNING * * *
The jelly barely misses you. ๐Ÿ˜จ HP[-3]
You take 3 damage, and now have 11/29 hp.
You hit the jelly but do no damage.
Your hands burn!
* * * LOW HITPOINT WARNING * * *
The jelly hits you.
* * * LOW HITPOINT WARNING * * *
You are splashed with acid.
You die...

Skill      XL: |  1  2 |
---------------+-------+-----
Axes           | 3 |  3.5
Fighting       | |  3.2
Armour         | |  3.2
Shields        | |  3.6

Action                   || total
-------------------------++-------
Melee: War axe           ||    61
 Fire: Hunting sling     ||    11
 Abil: Dig               ||     3
Armor: Scale mail        ||    21
Dodge: Dodged            ||    27
Block: Kite shield       ||    42

Levels and vault maps discovered:
D:1:      dpeg_arrival_fog, layout_rooms, basic_ecumenical_altar, serial_shops,
          nicolae_shop_crystal
D:2:      layout_loops_cross, basic_altar, corner_web_ring
D:3:      cheibrodos_fertilizer, layout_loops_ring, grunt_temple_overflow_open,
          marbit_many_paths, kennysheep_path_1

Notes
Turn   | Place    | Note
-------+----------+-------------------------------------------
     0 | D:1      | Sobieck the Formicid Fighter began the quest for the Orb.
     0 | D:1      | Reached XP level 1. HP: 18/18 MP: 1/1
     0 | D:1      | magus.rc [v1.9.6]
    15 | D:1      | Found Kaiggiwno's Armour Shop.
   226 | D:3      | Reached XP level 2. HP: 24/24 MP: 2/2
   284 | D:3      | Reached skill level 3 in Axes
   366 | D:3      | Found a glowing golden altar of the Shining One.
   379 | D:3      | Reached XP level 3. HP: 29/29 MP: 3/3
   581 | D:3      | HP: 6/29 [acid (5)]
   581 | D:3      | Splashed by a jelly's acid

Vanquished Creatures
  An adder (D:3)
  An endoplasm (D:3)
  3 goblins
  A hobgoblin (D:2)
  3 jackals (D:3)
  3 kobolds (D:3)
  A quokka (D:1)
  2 bats
  3 rats
18 creatures vanquished.

Vanquished Creatures (others)
  3 fungi (D:3)
  2 toadstools (D:3)
5 creatures vanquished.

Grand Total: 23 creatures vanquished

Table legend:
 A = Non-vault XP
 B = Vault XP
 C = Vault XP percentage of total XP
 D = Non-vault monster count
 E = Vault monster count
 F = Vault count percentage of total count
                 A         B        C        D         E       F
            +---------+---------+-------+---------+---------+-------
      Total |      39 |       1 |   2.5 |      17 |       1 |   5.6
            +---------+---------+-------+---------+---------+-------
        D:1 |       2 |       0 |   0.0 |       1 |       0 |   0.0
        D:2 |       6 |       0 |   0.0 |       4 |       0 |   0.0
        D:3 |      31 |       1 |   3.1 |      12 |       1 |   7.7
            +---------+---------+-------+---------+---------+-------

Illustrated notes

Table legend:
 A = Kills in this place as a percentage of kills in entire the game.
 B = Kills by you in this place as a percentage of kills by you in the entire game.
 C = Kills by friends in this place as a percentage of kills by friends in the entire game.
 D = Other kills in this place as a percentage of other kills in the entire game.
 E = Experience gained in this place as a percentage of experience gained in the entire game.
 F = Experience gained in this place divided by the number of levels of this place that you have seen.
                   A       B       C       D       E      F
               +-------+-------+-------+-------+-------+----------------------
         Total | 100.0 | 100.0 |   N/A |   N/A | 100.0 |  13.3
       Dungeon | 100.0 | 100.0 |   N/A |   N/A | 100.0 |  13.3
               +-------+-------+-------+-------+-------+----------------------

Table legend: (Time is in decaauts)
 A = Elapsed time spent in this place.
 B = Non-inter-level travel time spent in this place.
 C = Inter-level travel time spent in this place.
 D = Time resting spent in this place.
 E = Time spent auto-exploring this place.
 F = Levels seen in this place.
 G = Mean time per level.
                   A        B        C        D        E       F      G
               +--------+--------+--------+--------+--------+-----+--------+
         Total |    614 |    577 |     37 |     58 |    317 |   3 |  204.7 |
       Dungeon |    614 |    577 |     37 |     58 |    317 |   3 |  204.7 |
               +--------+--------+--------+--------+--------+-----+--------+

Top non-repeatable levels by time:
     D:3: 379 daAuts
     D:2: 185 daAuts
     D:1: 50 daAuts
